 Dungeon Crawl Stone Soup version 0.29-a0-359-g541a27f54d (webtiles) character file.

Game seed: 408091035102111666

10273 Frod the Frost Mage (level 11, -16/84 HPs)
             Began as a Human Ice Elementalist on Apr 28, 2022.
             Was a Believer of Sif Muna.
             Demolished by a minotaur
             ... wielding a +2 morningstar of protection
              (24 damage)
             ... in a Gauntlet.
             The game lasted 01:23:34 (13709 turns).

Frod the Frost Mage (Human Ice Elementalist)       Turns: 13709, Time: 01:23:34

Health: -16/84     AC: 16    Str:  9    XL:     11   Next: 89%
Magic:  11/22      EV: 10    Int: 20    God:    Sif Muna [**....]
Gold:   377        SH:  0    Dex: 13    Spells: 1/25 levels left

rFire   . . .      SeeInvis .   G - staff of poison
rCold   . . .      Faith    .   (no shield)
rNeg    + . .      Spirit   .   H - +0 ring mail of Darkness {Regen+ Stlth+}
rPois   +          Reflect  .   v - +2 helmet
rElec   .          Harm     .   t - +2 cloak {rCorr}
rCorr   +          Rampage  .   (no gloves)
Will    .....      NoTele   +   (no boots)
Stlth   ++........              (no amulet)
HPRegen 1.04/turn               k - ring of positive energy
MPRegen 0.18/turn               I - ring of wizardry

@: ice-armoured, freezing walls
A: no striking features
a: Renounce Religion, Channel Magic


You were in a Gauntlet.
You worshipped Sif Muna.
Sif Muna was pleased with you.
You visited 2 branches of the dungeon, and saw 12 of its levels.
You also visited: Gauntlet.

You collected 485 gold pieces.
You spent 108 gold pieces at shops.

Inventory:

Hand Weapons
 a - a +4 whip of electrocution
 c - the +9 battleaxe of Shrieking Tenacity {vorpal, rC+}
   (You took it off a gnoll on level 4 of the Dungeon)

   It inflicts extra damage upon your enemies.
   rC:        It protects you from cold.
 d - a +2 vampiric dagger
 e - a +2 hunting sling of freezing
 P - a +2 spear of flaming
Missiles
 E - 445 stones
 M - 20 poisoned darts
 O - 4 boomerangs
Armour
 h - a scarf of harm
 t - a +2 cloak of preservation (worn)
 v - a +2 helmet (worn)
 H - the +0 ring mail of Darkness (worn) {Regen+ Stlth+}
   (You found it on level 5 of the Dungeon)

   Regen:     It increases your rate of health regeneration.
   Stlth:     It makes you more stealthy.
Magical Staves
 b - a staff of conjuration
 G - a staff of poison (weapon)
Jewellery
 k - a ring of positive energy (left hand)
 I - a ring of wizardry (right hand)
 L - a ring of ice
Wands
 x - a wand of mindburst (1)
 A - a wand of digging (4)
 B - a wand of acid (15)
 C - a wand of polymorph (14)
 D - a wand of iceblast (2)
Scrolls
 g - a scroll of magic mapping
 j - a scroll of torment
 l - 4 scrolls of fog
 o - 3 scrolls of vulnerability
 q - 2 scrolls of teleportation
Potions
 f - 2 potions of attraction
 i - 4 potions of lignification
 n - 5 potions of brilliance
 p - 2 potions of berserk rage
 r - 2 potions of curing
 s - a potion of ambrosia
 u - 5 potions of magic
 z - a potion of haste {unknown}
 J - 4 potions of flight
Miscellaneous
 m - a piece from Xom's chessboard (15/15)


   Skills:
 + Level 7.5 Fighting
 - Level 2.0 Dodging
 - Level 2.0 Stealth
 + Level 7.7 Spellcasting
 + Level 8.2 Conjurations
 * Level 3.2 Fire Magic
 + Level 9.5 Ice Magic
 + Level 7.2 Invocations


You had one spell level left.
You knew the following spells:

 Your Spells              Type           Power      Damage    Failure   Level
a - Freeze                Ice            100%       1d11      1%          1
b - Magic Dart            Conj           100%       1d8       1%          1
c - Frozen Ramparts       Ice            92%        1d11      1%          3
d - Hailstorm             Conj/Ice       43%        3d10      2%          4
e - Conjure Flame         Conj/Fire      30%        6-21      2%          3
f - Mephitic Cloud        Conj/Pois/Air  28%        N/A       10%         3
o - Ozocubu's Armour      Ice            46%        N/A       1%          3
A - Static Discharge      Conj/Air       24%        N/A       2%          2
B - Sticky Flame          Conj/Fire      30%        2d5       9%          4

Your spell library contained the following spells:

 Spells                   Type           Power      Damage    Failure   Level
 Ensorcelled Hibernation  Hex/Ice        52%        N/A       2%          2
 Call Imp                 Summ           7%         N/A       16%         2
 Passwall                 Tmut/Erth      5%         N/A       16%         2
 Ignite Poison            Fire/Tmut/Pois 18%        N/A       19%         3
 Swiftness                Air            7%         N/A       28%         3
 Lightning Bolt           Conj/Air       12%        1d25      43%         5
 Maxwell's Capacitive Co  Air            3%         ∞         100%        8


Dungeon Overview and Level Annotations

Branches:
Dungeon (11/15)            Temple (1/1) D:5            Lair (0/6) D:8
Gauntlet (1/1)
    Orc: D:9-12

Altars:
Ashenzari
Cheibriados
Dithmenos
Elyvilon
Fedhas
Gozag
Hepliaklqana
Kikubaaqudgha
Makhleb
Nemelex Xobeh
Okawaru
Qazlal
Ru
Sif Muna
Trog
Uskayaw
Vehumet
Wu Jian
Xom
Yredelemnul
Zin
The Shining One

Shops:
D:4 [

Annotations:
Gauntlet 10 transporters, exclusion: oklob plant


Message History

You don't know that spell.
Casting: Sticky Flame (dangerous; 9% risk of failure)
Confirm with . or Enter, or press ? or * to list all spells.
Casting: Frozen Ramparts (safe; 1% risk of failure)
Press: ? - help, Dir - look around, f - activate The walls around you are covered in ice.
The minotaur burns!
The minotaur stops burning.
The wall freezes the minotaur!
The minotaur closely misses you. The minotaur gores you.
Unknown command.
Casting: Frozen Ramparts (safe; 1% risk of failure)
Confirm with . or Enter, or press ? or * to list all spells.
Aiming: Sticky Flame (dangerous; 9% risk of failure)
Press: ? - help, Shift-Dir - straight line, f - minotaur
Aim: a minotaur, wielding a +2 morningstar of protection, wearing quicksilver dragon scales, wearing a +1 tower shield of poison resistance, wearing the ring "Ipsiol" {rF+ Will+} and quivering silver javelins (heavily wounded, 100% to hit)
The sticky flame hits the minotaur.
The minotaur resists.
The minotaur is severely wounded.
The minotaur is covered in liquid flames!
The minotaur burns!
The wall freezes the minotaur.
The minotaur hits you with a +2 morningstar of protection!
* * * LOW HITPOINT WARNING * * *
The minotaur gores you but does no damage.
You feel better.
The minotaur burns!
The wall freezes the minotaur.
The minotaur hits you with a +2 morningstar of protection!
* * * LOW HITPOINT WARNING * * *
The minotaur gores you.
* * * LOW HITPOINT WARNING * * *
Press: ? - help, v - describe, . - travel
Here: a minotaur, wielding a +2 morningstar of protection, wearing quicksilver dragon scales, wearing a +1 tower shield of poison resistance, wearing the ring "Ipsiol" {rF+ Will+} and quivering silver javelins (severely wounded, covered in liquid flames)
An open door.
Unknown command.
Unknown command.
Okay, then.
Unknown command.
Unknown command.
As you read the scroll of fear, it crumbles to dust.
You assume a fearsome visage.
The minotaur resists with almost no effort.
The minotaur burns!
The wall freezes the minotaur.
The minotaur hits you with a +2 morningstar of protection!!
You die...

#=. #8. ## #[. ###8.#8. ##
#....#.. .. #.#..#8. .#
#.#..##H##..#.# #.......@.....#
#.#.##.#.##.#.# #.#....#....#.#
###.#.#######.#.###
#§...............≈# ###
#8.8.8.8.8.8.8.8.8# ## #8#
#≈...............≈# #8
##########.#########.##########
#≈.......#.#..≈∩≈..#.#.......≈#


You could see a minotaur (burning).

Vanquished Creatures
  A centaur warrior (D:8)
  3 two-headed ogres (D:8)
  A hell hog (Gauntlet)
  An efreet (D:8)
  A troll (D:8)
  A queen bee (Gauntlet)
  A blink frog (shapeshifter) (D:9)
  2 shadows (D:10)
  2 fire bats (Gauntlet)
  A yak (D:8)
  A wyvern (D:8)
  2 wraiths
  3 small abominations (Gauntlet)
  A steam dragon (D:9)
  A vampire mosquito (D:8)
  2 hell hounds (Gauntlet)
  4 water moccasins
  A black bear (D:5)
  4 orc warriors
  A sky beast (D:7)
  An ogre (D:4)
  3 wolves (D:8)
  2 ice beasts
  3 centaurs
  A phantom (D:6)
  3 kobold brigands
  A gnoll sergeant (D:6)
  8 bullfrogs
  2 necrophages (D:7)
  4 scorpions
  4 wights
  9 killer bees
  3 howler monkeys (D:8)
  A jelly (D:6)
  3 orc priests
  4 hounds
  2 gnoll shamans
  Ijyb (D:5)
  3 iguanas
  11 orc wizards
  Robin (D:3)
  7 adders
  12 gnolls
  A shadow imp (D:6)
  4 white imps
  2 ufetubi
  24 orcs
  5 endoplasms
  5 giant cockroaches
  18 goblins
  8 hobgoblins
  8 jackals
  8 kobolds
  2 quokkas
  3 ball pythons
  6 bats
  7 frilled lizards
  12 rats
236 creatures vanquished.

Vanquished Creatures (others)
  A cyclops (shapeshifter) (D:8)
  3 plants (D:5)
4 creatures vanquished.

Grand Total: 240 creatures vanquished

Notes
Turn   | Place    | Note
-------+----------+-------------------------------------------
     0 | D:1      | Frod the Human Ice Elementalist began the quest for the
                  | Orb.
     0 | D:1      | Reached XP level 1. HP: 13/13 MP: 3/3
   328 | D:1      | Reached XP level 2. HP: 19/19 MP: 5/5
   809 | D:1      | Found a faded altar of an unknown god.
   943 | D:1      | Reached XP level 3. HP: 21/24 MP: 3/6
   947 | D:1      | Learned a level 3 spell: Frozen Ramparts
  1037 | D:1      | Learned a level 1 spell: Magic Dart
  1805 | D:2      | Reached XP level 4. HP: 30/30 MP: 4/7
  1854 | D:2      | Learned a level 3 spell: Ozocubu's Armour
  2494 | D:3      | Reached skill level 1 in Conjurations
  2511 | D:3      | Noticed Robin
  2565 | D:3      | Reached skill level 5 in Ice Magic
  2625 | D:3      | Killed Robin
  3045 | D:3      | Reached XP level 5. HP: 31/35 MP: 2/9
  3756 | D:4      | Noticed an ogre
  4086 | D:4      | Reached XP level 6. HP: 41/41 MP: 3/10
  4269 | D:4      | Killed an ogre
  4393 | D:4      | Learned a level 2 spell: Static Discharge
  4494 | D:4      | Identified the +9 battleaxe of Shrieking Tenacity {vorpal,
                  | rC+}
  4766 | D:4      | Reached XP level 7. HP: 30/46 MP: 7/12
  4921 | D:4      | Reached skill level 6 in Ice Magic
  4942 | D:4      | You fall into a shaft and drop 2 floors!
  5134 | D:6      | Reached skill level 1 in Fighting
  5416 | D:6      | Noticed a water moccasin
  5423 | D:6      | Killed a water moccasin
  5631 | D:6      | Reached XP level 8. HP: 57/57 MP: 8/14
  5813 | D:5      | Entered Level 5 of the Dungeon
  6002 | D:5      | Found a staircase to the Ecumenical Temple.
  6011 | Temple   | Entered the Ecumenical Temple
  6365 | Temple   | Became a worshipper of Sif Muna the Loreminder
  6590 | D:4      | Found Cyclil's Antique Armour Shop.
  6843 | D:5      | Reached skill level 1 in Invocations
  6961 | D:4      | Learned a level 4 spell: Hailstorm
  6961 | D:4      | Bought a cloak for 108 gold pieces
  7114 | D:5      | Identified the +0 ring mail of Darkness {Regen+ Stlth+}
  7131 | D:5      | Found a bloodstained altar of Trog.
  7637 | D:5      | Noticed Ijyb
  7641 | D:5      | Killed Ijyb
  7925 | D:6      | Reached skill level 7 in Ice Magic
  8098 | D:6      | Reached XP level 9. HP: 65/65 MP: 4/16
  8187 | D:6      | Reached skill level 5 in Conjurations
  8499 | D:7      | Learned a level 3 spell: Mephitic Cloud
  8510 | D:7      | Reached skill level 5 in Spellcasting
  9293 | D:7      | Reached * piety under Sif Muna
  9503 | D:7      | Reached skill level 5 in Fighting
  9909 | D:8      | Reached XP level 10. HP: 70/74 MP: 5/18
  9916 | D:8      | Reached skill level 8 in Ice Magic
  9932 | D:8      | Noticed a catoblepas
 10058 | D:8      | Learned a level 3 spell: Conjure Flame
 10072 | D:8      | Noticed an efreet
 10073 | D:8      | Killed a cyclops
 10095 | D:8      | Killed an efreet
 10096 | D:8      | Reached skill level 5 in Invocations
 10184 | D:8      | Noticed a two-headed ogre
 10192 | D:8      | Killed a two-headed ogre
 10232 | D:8      | Noticed a two-headed ogre
 10487 | D:8      | Noticed a catoblepas
 10497 | D:8      | Found a staircase to the Lair.
 10497 | D:8      | Noticed a two-headed ogre
 10497 | D:8      | Noticed a centaur warrior
 10508 | D:8      | Noticed a skeletal warrior
 10634 | D:8      | Killed a two-headed ogre
 10880 | D:8      | Killed a centaur warrior
 10881 | D:8      | Reached XP level 11. HP: 50/83 MP: 1/21
 11196 | D:8      | Reached skill level 9 in Ice Magic
 11295 | D:8      | Reached ** piety under Sif Muna
 11313 | D:8      | Killed a two-headed ogre
 11505 | D:8      | Learned a level 4 spell: Sticky Flame
 11805 | D:9      | Reached skill level 1 in Fire Magic
 12345 | D:10     | Entered Level 10 of the Dungeon
 12942 | D:11     | Found a gate leading to a gauntlet.
 12946 | Gauntlet | Entered a Gauntlet
 12946 | Gauntlet | Found a transporter.
 12946 | Gauntlet | Found a transporter.
 12948 | Gauntlet | Noticed a worldbinder
 12950 | Gauntlet | Found a transporter.
 12950 | Gauntlet | Found a transporter.
 12980 | Gauntlet | Found a transporter.
 12980 | Gauntlet | Noticed a hell hog
 12984 | Gauntlet | Found a transporter.
 12984 | Gauntlet | Found a transporter.
 13008 | Gauntlet | Found a transporter.
 13015 | Gauntlet | Found a transporter.
 13029 | Gauntlet | Found a transporter.
 13049 | Gauntlet | Found a transporter.
 13079 | Gauntlet | Found a transporter.
 13094 | Gauntlet | Found a transporter.
 13107 | Gauntlet | Noticed an oklob plant
 13108 | Gauntlet | Found a transporter.
 13208 | Gauntlet | Found a transporter.
 13224 | Gauntlet | Found a transporter.
 13566 | Gauntlet | Killed a hell hog
 13691 | Gauntlet | Identified the ring "Ipsiol" {rF+ Will+}
 13691 | Gauntlet | Noticed a minotaur
 13709 | Gauntlet | Demolished by a minotaur

Illustrated notes

Levels and vault maps discovered:
D:1:      tarquinn_simple_flora_water_e, layout_basic,
          dreamdust_ecumenical_altar_hidden_monk_grotto, minmay_rat_gold_closets
D:2:      layout_loops_cross, hex_medium, grunt_ministairs_11
D:3:      layout_basic, wad_rectangle_vault, uniq_robin
D:4:      layout_basic, nicolae_take_the_stairs
D:5:      layout_loops_ring, mainiacjoe_overflow_brackets,
          minmay_temple_entry_tees, kennysheep_cluttered_room,
          minmay_lizard_king, uniq_ijyb
D:6:      layout_basic, kennysheep_generic_room_8
D:7:      layout_basic
D:8:      minmay_the_grid_octo_triangle [minmay_the_grid_octo_thin_diamonds,
          minmay_the_grid_octo_prize_big_c, minmay_the_grid_octo_focus],
          layout_cave_pods, erik_lair_island, serial_shops, shop, special_room
          [special_room_orc]
D:9:      layout_roguey
D:10:     layout_rooms
D:11:     layout_stronghold, gauntlet_entry_generic,
          ebering_ghost_funeral_grove, portal_ice_cave_entry_pillars_1,
          serial_shops, shop_fountains, minmay_beelzebubs_servants
Temple:   compressed_dpeg_triangle_lava_temple
Gauntlet: gammafunk_gauntlet_branching [gammafunk_gauntlet_arena_spirals,
          gammafunk_gauntlet_arena_grid, nicolae_gauntlet_arena_t_cross,
          nicolae_gauntlet_arena_grate_2, nicolae_gauntlet_arena_quarters,
          gammafunk_gauntlet_arena_corners, gammafunk_gauntlet_arena_split_x,
          gammafunk_gauntlet_arena_mazey,
          nicolae_gauntlet_exit_dead_adventurers]

Skill      XL: |  1  2  3  4  5  6  7  8  9 10 11 |
---------------+----------------------------------+-----
Conjurations   | 1 2 3 4 6 7 8 |  8.2
Ice Magic      | 5 6 7 8 9 |  9.5
Spellcasting   | 3 4 5 7 |  7.7
Fighting       | 2 4 5 6 7 |  7.5
Invocations    | 2 4 6 7 |  7.2
Fire Magic     | 3 |  3.2
Dodging        | |  2.0
Stealth        | |  2.0

Action                   |  1- 3 |  4- 6 |  7- 9 | 10-12 || total
-------------------------+-------+-------+-------+-------++-------
Melee: Whip              |     8 |    32 |    30 |    18 ||    88
       Quarterstaff      |       |     2 |       |       ||     2
       Battleaxe         |       |       |    31 |       ||    31
       Staff             |       |       |    33 |    32 ||    65
       Punch             |       |       |     2 |     2 ||     4
       Spear             |       |       |       |     3 ||     3
 Fire: Hunting sling     |       |     4 |     6 |       ||    10
Throw: Dart              |       |       |       |     5 ||     5
       Boomerang         |       |       |       |     1 ||     1
 Cast: Freeze            |    52 |    46 |    21 |     5 ||   124
       Magic Dart        |     4 |    32 |    38 |    10 ||    84
       Frozen Ramparts   |       |    10 |    30 |    35 ||    75
       Ozocubu's Armour  |       |     4 |    17 |    20 ||    41
       Hailstorm         |       |       |     9 |    17 ||    26
       Static Discharge  |       |       |    18 |    29 ||    47
       Mephitic Cloud    |       |       |       |     6 ||     6
       Conjure Flame     |       |       |       |     8 ||     8
       Sticky Flame      |       |       |       |     3 ||     3
Invok: Channel Magic     |       |       |       |     1 ||     1
Evoke: Wand              |     3 |       |       |     2 ||     5
  Use: Scroll            |       |     5 |    10 |    14 ||    29
       Potion            |       |       |     1 |     7 ||     8
 Stab: Sleeping          |     7 |     2 |       |       ||     9
       Confused          |       |       |       |     1 ||     1
Armor: Robe              |     9 |    10 |    27 |       ||    46
       Plate armour      |       |       |    36 |       ||    36
       Ring mail         |       |       |     3 |    43 ||    46
Dodge: Dodged            |    25 |    31 |    70 |    61 ||   187

Table legend: (Time is in decaauts)
 A = Elapsed time spent in this place.
 B = Non-inter-level travel time spent in this place.
 C = Inter-level travel time spent in this place.
 D = Time resting spent in this place.
 E = Time spent auto-exploring this place.
 F = Levels seen in this place.
 G = Mean time per level.
                   A        B        C        D        E       F      G
               +--------+--------+--------+--------+--------+-----+--------+
         Total |  13779 |  13221 |    558 |   2001 |   8581 |  13 | 1059.9 |
       Dungeon |  12658 |  12100 |    558 |   1776 |   7961 |  11 | 1150.7 |
        Temple |    359 |    359 |      0 |      0 |    325 |   1 |  359.0 |
      Gauntlet |    761 |    761 |      0 |    225 |    295 |   1 |  761.0 |
               +--------+--------+--------+--------+--------+-----+--------+

Top non-repeatable levels by time:
     D:6: 1989 daAuts
     D:8: 1678 daAuts
     D:3: 1631 daAuts
     D:4: 1527 daAuts
     D:5: 1279 daAuts
     D:1: 1112 daAuts
     D:2: 1018 daAuts
     D:7: 975 daAuts
     D:9: 850 daAuts
Gauntlet: 761 daAuts
    D:10: 586 daAuts
  Temple: 359 daAuts
    D:11: 9 daAuts
